 Dungeon Crawl Stone Soup version 0.23-a0-643-g9ccc95a (webtiles) character file.

380 Amnesiac the Ducker (level 6, -2/48 HPs)
             Began as a Spriggan Berserker on Dec 31, 2018.
             Was a Priest of Trog.
             Killed from afar by an orc wizard (12 damage)
             ... with a magic dart
             ... on level 4 of the Dungeon.
             The game lasted 00:04:23 (3633 turns).

Amnesiac the Ducker (Spriggan Berserker)            Turns: 3633, Time: 00:04:24

Health: -2/48      AC:  2    Str: 20    XL:     6   Next: 46%
Magic:  7/7        EV: 21    Int:  8    God:    Trog [***...]
Gold:   129        SH:  0    Dex: 16    Spells: 5/5 levels left

rFire    . . .     SeeInvis +   a - +0 falchion
rCold    . . .     Gourm    .   (shield restricted)
rNeg     . . .     Faith    .   b - +0 animal skin
rPois    .         Spirit   .   (helmet restricted)
rElec    .         Reflect  .   (no cloak)
rCorr    .         Harm     .   (gloves unavailable)
MR       +....                  (boots unavailable)
Stlth    ..........             (no amulet)
HPRegen  0.16/turn              s - ring of flight
MPRegen  0.10/turn              (no ring)

@: berserking, very quick
A: very small, unfitting armour, see invisible, herbivore, speed 3, slow
metabolism 2
a: Berserk, Trog's Hand, Renounce Religion, Evoke Flight


You were on level 4 of the Dungeon.
You worshipped Trog.
Trog was most pleased with you.
You were not hungry.

You visited 1 branch of the dungeon, and saw 4 of its levels.

You collected 129 gold pieces.

Inventory:

Hand Weapons
 a - a +0 falchion (weapon)
Missiles
 j - 23 poisoned needles
 n - 2 tomahawks (quivered)
Armour
 b - a +0 animal skin (worn)
Jewellery
 s - a ring of flight (left hand)
Wands
 o - a wand of enslavement (9)
 t - a wand of iceblast (6)
Scrolls
 e - 3 scrolls of identify {!r, unknown}
 f - a scroll of fog {!r, unknown}
 g - a scroll of enchant weapon {!r, unknown}
 h - a scroll of random uselessness {!r, unknown}
 k - 2 scrolls of amnesia {!r, unknown}
 p - a scroll of teleportation {!r, unknown}
 r - 2 scrolls of magic mapping {!r, unknown}
Potions
 d - a potion of brilliance {!q, unknown}
 i - a potion of degeneration {!q, unknown}
 l - a potion of magic {!q, unknown}
 m - a potion of haste {!q}
 q - a potion of curing {!q, unknown}
 u - a potion of flight {!q, unknown}
 v - a potion of invisibility {!q, unknown}
Comestibles
 c - 5 rations


   Skills:
 - Level 2.4 Fighting
 * Level 5.5 Long Blades
 + Level 5.9 Dodging
 + Level 1.3 Evocations


You had 5 spell levels left.
You didn't know any spells.
Your spell library was empty.

Dungeon Overview and Level Annotations

Branches:
Dungeon (4/15)
 Temple: D:4-7

Altars:
Elyvilon
Gozag


Innate Abilities, Weirdness & Mutations

You are very small and have problems with some larger weapons.
You are too small for most types of armour.
You have supernaturally acute eyesight. (SInv)
You are a herbivore.
You cover ground extremely quickly.
You need to consume almost no food.


Message History

You hit the orc but do no damage.
The orc is moderately wounded.
The orc closely misses you.
You riposte.
You hit the orc.
The orc is severely wounded.
The orc completely misses you.
You hit the orc.
You kill the orc!
Trog accepts your kill. The orc misses you.
You hit the orc.
The orc is lightly wounded.
You hit the orc.
The orc is heavily wounded.
You hit the orc.
The orc is almost dead.
The orc hits you with a +0 mace. The orc completely misses you.
You riposte.
You hit the orc.
The orc is severely wounded.
You barely miss the orc.
The orc is almost dead.
The orc completely misses you. The orc hits you but does no damage.
You hit the orc.
You kill the orc!
Trog accepts your kill.
You hit the orc.
You kill the orc!
Trog accepts your kill. The jackal barely misses you.
You closely miss the jackal. The jackal misses you.
You hit the jackal.
The jackal is moderately wounded.
The jackal misses you.
You riposte.
You closely miss the jackal.
The jackal is moderately wounded.
The jackal misses you.
You closely miss the jackal.
The jackal is moderately wounded.
The jackal bites you.
* * * LOW HITPOINT WARNING * * *
A red film seems to cover your vision as you go berserk!
You feel yourself moving faster!
You feel mighty!
You feel quite a bit more hungry. The jackal misses you.
The jackal closely misses you.
You closely miss the jackal.
The jackal is moderately wounded.
The jackal closely misses you.
You riposte.
You slash the jackal!
You kill the jackal!
Trog accepts your kill.
You closely miss the orc wizard. You barely miss the orc wizard.
An orc wizard comes into view. It is wielding a +0 dagger.
The orc wizard shouts!
You hear a shout!
The orc priest calls down the wrath of Beogh upon you.
Pain shoots through your body!
* * * LOW HITPOINT WARNING * * *
Things that are here:
a +0 flail; a +0 scale mail; an orc corpse You are too injured to fight recklessly!
You are too injured to fight recklessly!
You are too injured to fight recklessly!
You are too injured to fight recklessly!
You barely miss the orc priest.
The orc wizard gestures at you while chanting.
The magic dart hits you!
You die...

#.......#o#
#..^......
#.......#.#
#.........
#.<.....#.#
#.........
#.......#o#
#.........
##.......#.#
#.........
#........#.#
#.........
#........#o#
#.........
#.####...#o#
#......###
#.......o@.#
########
############


You could see an orc priest, 2 orc wizards and an orc.

Vanquished Creatures
  The ghost of George the Slasher, an amateur DsGl (D:3)
  An orc wizard (D:4)
  Ijyb (D:3)
  A worker ant (D:4)
  Natasha (thrice) (D:3)
  A hound skeleton (D:4)
  2 adders (D:2)
  An ooze (D:1)
  4 worms
  4 dart slugs
  2 leopard geckos
  10 orcs
  4 giant cockroaches
  8 goblins
  5 hobgoblins
  7 jackals
  3 quokkas
  2 ball pythons (D:1)
  8 bats
  4 frilled lizards
  A jackal skeleton (D:4)
  5 kobolds
  10 rats
88 creatures vanquished.

Notes
Turn   | Place    | Note
-------+----------+-------------------------------------------
     0 | D:1      | Amnesiac the Spriggan Berserker began the quest for the
                  | Orb.
     0 | D:1      | Reached XP level 1. HP: 11/11 MP: 2/2
   194 | D:1      | Reached XP level 2. HP: 7/16 MP: 3/3
   329 | D:1      | Reached skill level 5 in Dodging
   557 | D:1      | Reached XP level 3. HP: 15/19 MP: 4/4
   558 | D:1      | Reached ** piety under Trog
  1264 | D:2      | Found an opulent altar of Gozag.
  1354 | D:2      | Reached XP level 4. HP: 19/23 MP: 5/5
  1747 | D:3      | Found a white marble altar of Elyvilon.
  1774 | D:3      | Found a runed door.
  1774 | D:3      | Noticed George's ghost (amateur DsGl)
  2062 | D:3      | Noticed Natasha
  2069 | D:3      | Killed Natasha
  2069 | D:3      | Reached *** piety under Trog
  2169 | D:3      | Noticed Ijyb
  2203 | D:3      | Killed Ijyb
  2203 | D:3      | Reached XP level 5. HP: 27/27 MP: 6/6
  2357 | D:3      | Noticed Natasha
  2371 | D:3      | Killed Natasha
  2928 | D:3      | Noticed Natasha
  2937 | D:3      | Killed Natasha
  3088 | D:3      | Killed George's ghost
  3088 | D:3      | Reached skill level 5 in Long Blades
  3088 | D:3      | Reached XP level 6. HP: 28/32 MP: 7/7
  3565 | D:4      | Reached skill level 1 in Evocations
  3633 | D:4      | Killed from afar by an orc wizard

Vault maps used:
D:1:      dpeg_arrival_windows_large_door, chequers_avenue, minmay_vboxes
D:2:      lemuel_round_altar, serial_corexii_hall, corexii_hall_statues_s,
          corexii_hall_statues_x, chequers_hall_statues_y
D:3:      hellmonk_ghost_happy_afterlife, first_ration, elyvilon_altar_4,
          uniq_ijyb, uniq_natasha
D:4:      minmay_temple_entry_large_hall

Skill      XL: |  1  2  3  4  5  6 |
---------------+-------------------+-----
Dodging        | 5 |  5.9
Long Blades    | 3 4 5 |  5.5
Evocations     | 1 |  1.3
Fighting       | |  2.4

Action                   |  1- 3 |  4- 6 || total
-------------------------+-------+-------++-------
Melee: Falchion          |   106 |   216 ||   322
Invok: Berserk           |     1 |     4 ||     5
 Stab: Sleeping          |     2 |     2 ||     4
       Distracted        |       |     1 ||     1
  Eat: Ration            |       |     4 ||     4
Armor: Animal skin       |    12 |    13 ||    25
Dodge: Dodged            |   145 |   183 ||   328
       Rpst.: Falchion   |    42 |    56 ||    98

Table legend:
 A = Non-vault XP
 B = Vault XP
 C = Vault XP percentage of total XP
 D = Non-vault monster count
 E = Vault monster count
 F = Vault count percentage of total count
                 A         B        C        D         E       F
            +---------+---------+-------+---------+---------+-------
      Total |     337 |     206 |  37.9 |      77 |      11 |  12.5
            +---------+---------+-------+---------+---------+-------
        D:1 |      40 |      18 |  31.0 |      24 |       7 |  22.6
        D:2 |      58 |       0 |   0.0 |      16 |       0 |   0.0
        D:3 |     107 |     188 |  63.7 |      19 |       4 |  17.4
        D:4 |     132 |       0 |   0.0 |      18 |       0 |   0.0
            +---------+---------+-------+---------+---------+-------
